 Dungeon Crawl Stone Soup version 0.18-a0-1180-g64ccc1e (webtiles) character file.

168 Leszczynek the Insei (level 5, -15/42 HPs)
             Began as a Naga Wizard on Jan 27, 2016.
             Demolished by an ogre
             ... wielding a +0 giant spiked club
              (31 damage)
             ... on level 4 of the Dungeon.
             The game lasted 00:09:49 (3741 turns).

Leszczynek the Insei (Naga Wizard)                  Turns: 3741, Time: 00:09:50

Health: -15/42     AC:  3    Str: 13    XL:     5   Next: 49%
Magic:  3/9        EV: 15    Int: 18    God:
Gold:   172        SH:  0    Dex: 15    Spells: 3 memorised, 5 levels left

rFire  . . .     SeeInvis +       - Unarmed
rCold  . . .     Gourm    .     a - +0 robe
rNeg   + . .     Faith    .     (no shield)
rPois  +         Spirit   .     b - +0 hat
rElec  .         Dismiss  .     e - +0 cloak
rCorr  .         Reflect  .     (no gloves)
SustAt .         Harm     .     (no barding)
MR     .....                    (no amulet)
Stlth  +++.......               f - ring of positive energy
                                q - +3 ring of strength

@: agile, slowed, repel missiles, very slow, not resistant to hostile
enchantments, fairly stealthy
A: see invisible, deformed body, poison resistance, slowness 2, slow metabolism
1, spit poison 2, AC +1
a: Spit Poison


You were on level 4 of the Dungeon.
You were not hungry.

You visited 1 branch of the dungeon, and saw 4 of its levels.

You collected 172 gold pieces.

Inventory:

Hand Weapons
 g - a +1 short sword
Missiles
 i - 7 tomahawks
 k - 56 stones (quivered)
 l - 12 javelins
 r - 79 arrows
 t - 3 poisoned needles
Armour
 a - a +0 robe (worn)
 b - a +0 hat (worn)
 e - a +0 cloak (worn)
Jewellery
 f - a ring of positive energy (right hand)
 q - a +3 ring of strength (left hand)
Scrolls
 n - a scroll of remove curse
Potions
 h - a potion of curing
 j - a potion of heal wounds {unknown}
 s - a potion of flight {unknown}
Books
 c - a book of Minor Magic

   Spells                             Type                      Level
   a - Magic Dart                     Conjuration                  1
   b - Blink                          Translocation                2
   c - Call Imp                       Summoning                    2
   d - Repel Missiles                 Charms/Air                   2
   e - Slow                           Hexes                        2
   f - Conjure Flame                  Conjuration/Fire             3
   g - Mephitic Cloud                 Conjuration/Poison/Air       3
Comestibles
 d - 2 bread rations
 m - a meat ration
 p - 2 beef jerkies


   Skills:
 - Level 1.5 Dodging
 - Level 3.0 Stealth
 * Level 4.6 Unarmed Combat
 - Level 3.0 Spellcasting
 - Level 1.0 Conjurations
 - Level 2.0 Summonings
   Level 1.0 Translocations


You had 5 spell levels left.
You knew the following spells:

 Your Spells              Type           Power        Failure   Level  Hunger
a - Magic Dart            Conj           #...         12%         1    None
b - Repel Missiles        Chrm/Air       #.....       28%         2    ##.....
c - Call Imp              Summ           #.......     12%         2    ##.....


Dungeon Overview and Level Annotations

Branches:
Dungeon (4/15)
 Temple: D:4-7

Altars:
Okawaru
Trog

Annotations:
D:2 Sigmund
D:4 exclusion: ogre


Innate Abilities, Weirdness & Mutations

You cannot wear boots.
Your serpentine skin is tough (AC +1).
You have supernaturally acute eyesight.
Armour fits poorly on your strangely shaped body.
Your system is resistant to poisons.
You cover ground very slowly.
You have a slow metabolism.
You can spit poison.


Message History

The orc barely resists.
The orc hits your shadow imp with a club.
Your crimson imp hits the orc.
The orc wizard points at you and mumbles some strange words.
The magic dart hits you!
Your shadow imp closely misses the orc.
The orc closely misses your shadow imp.
Your crimson imp hits the orc.
The orc dies!
There is a stone staircase leading up here.
Unknown command.
Unknown command.
Unknown command.
Unknown command.
Drink which item? (? for menu, Esc to quit)
You feel agile all of a sudden.
Your crimson imp disappears in a puff of smoke!
The orc wizard gestures at you while chanting.
You feel as though you will be slow longer.
The ogre hits you with a giant spiked club!!
Ouch! That really hurt!
You die...

.#....................
........................
........................
.............)ยง.........
..............5.........
#..............)..##.##.
#......................<
#.......o.........###.##
#.....@O.........# #..
#........#.....#..# ###
......#.#####...#...#
..###...# ###.....$.# #
##..# #.......# ....
#.......# #.##. #####.###
#. # ... ..


You could see an ogre, an orc wizard and a friendly shadow imp.

Vanquished Creatures
  A hound (D:3)
  5 adders
  2 oozes
  3 worms (D:3)
  2 giant geckos
  7 orcs (D:3)
  5 bats
  A giant cockroach (D:3)
  3 hobgoblins
  5 jackals (D:3)
  2 ball pythons
  5 giant newts
  11 goblins
  10 kobolds
  5 rats
67 creatures vanquished.

Vanquished Creatures (collateral kills)
  2 orcs (D:4)
2 creatures vanquished.

Grand Total: 69 creatures vanquished

Notes
Turn   | Place    | Note
--------------------------------------------------------------
     0 | D:1      | Leszczynek the Naga Wizard began the quest for the Orb.
     0 | D:1      | Reached XP level 1. HP: 15/15 MP: 4/4
    68 | D:1      | Reached skill level 1 in Unarmed Combat
   263 | D:1      | Reached XP level 2. HP: 22/22 MP: 3/6
   644 | D:1      | Learned a level 2 spell: Repel Missiles
   861 | D:2      | Noticed Sigmund
   973 | D:2      | Found a bloodstained altar of Trog.
  1192 | D:2      | Reached XP level 3. HP: 5/28 MP: 2/7
  1634 | D:3      | Reached XP level 4. HP: 18/36 MP: 1/8
  2171 | D:3      | Learned a level 2 spell: Call Imp
  2325 | D:3      | Reached skill level 4 in Unarmed Combat
  2559 | D:3      | Reached XP level 5. HP: 12/42 MP: 2/9
  3169 | D:3      | Found an iron altar of Okawaru.
  3558 | D:4      | Noticed an ogre
  3741 | D:4      | Demolished by an ogre

Vault maps used:
D:1:      zelgadis_glass_arrival_small
D:2:      lemuel_coloured_pillars_altar, minmay_misc_feat_roman, uniq_sigmund
D:3:      kennysheep_okawaru_gauntlet, minmay_joined_circles
D:4:      first_bread, grunt_ministairs_13

Action                   |  1- 3 |  4- 6 || total
-------------------------+-------+-------++-------
Melee: Short sword       |    21 |    86 ||   107
       Unarmed           |       |    32 ||    32
 Cast: Magic Dart        |    53 |    50 ||   103
       Repel Missiles    |     1 |     1 ||     2
       Call Imp          |       |     2 ||     2
 Abil: Spit Poison       |     2 |    10 ||    12
  Use: Scroll            |     4 |     2 ||     6
       Potion            |     4 |     1 ||     5
 Stab: Sleeping          |     2 |       ||     2
  Eat: Chunk             |     1 |     5 ||     6
       Royal jelly       |       |     1 ||     1
